 Dungeon Crawl Stone Soup version 0.13-a0-2236-g7be3fc8 (webtiles) character file.

260177 M4edhros the Imperceptible (level 20, -3/135 HPs)
             Began as an Octopode Death Knight on July 2, 2013.
             Was the Champion of Yredelemnul.
             Slain by a starcursed mass (8 damage)
             ... while paralysed by accursed screaming
             ... on Level 1 of the Abyss on July 4, 2013.
             The game lasted 04:27:59 (45588 turns).

M4edhros the Imperceptible (Octopode Death Knight) Turns: 45588, Time: 04:27:59

HP  -3/135       AC  2     Str 10      XL: 20   Next: 53%
MP  28/33        EV  2     Int 25      God: Yredelemnul [******]
Gold 2743        SH  0     Dex 13      Spells:  7 memorised, 11 levels left

Res.Fire  : + . .   See Invis. : +   V - +4,+3 sabre (elec)
Res.Cold  : . . .   Warding    : .   d - +0 large shield
Life Prot.: . . .   Conserve   : .   t - +1 wizard hat
Res.Poison: +       Res.Corr.  : .   N - amulet of faith
Res.Elec. : .       Clarity    : .   n - +0,+7 ring of slaying
Sust.Abil.: . .     Spirit.Shd : .   f - ring of poison resistance
Res.Mut.  : .       Stasis     : .   G - +4 ring of evasion
Res.Rott. : .       Flight     : .   j - +6,+2 ring of slaying
Saprovore : . . .                    K - ring of see invisible
                                     T - ring "Geokk" {rF+ Acc+4 Dam+3}
                                     q - +5 ring of intelligence
                                     Q - ring of sustenance

@: paralysed, studying Fighting, hasted, quite resistant to hostile
enchantments, uncannily stealthy
A: almost no armour, amphibious, 8 rings, constrict 8, spike 1, camouflage 1,
blink 1, fast metabolism 1, screaming 2, AC +1, Str -2, Int -2, Dex +1
a: Blink, Animate Dead, Recall Undead Slaves, Injury Mirror, Drain Life, Enslave
Soul, Renounce Religion
}: 2/15 runes: decaying, gossamer


You were on level 1 of the Abyss.
You worshipped Yredelemnul.
Yredelemnul was exalted by your worship.
You were very hungry.

You visited 6 branches of the dungeon, and saw 45 of its levels.
You visited the Abyss 2 times.
You also visited: Wizlab.

You collected 5421 gold pieces.
You spent 2698 gold pieces at shops.

Inventory:

Hand weapons
 g - the +3,+8 sling "Grom" {flame, Int+1}
   (You bought it in a shop on level 2 of the Elven Halls)

   It turns projectiles fired from it into bolts of flame.
   It affects your intelligence (+1).
 V - a +4,+3 sabre of electrocution (weapon)
 Y - the +2,+6 sling "Ecosm" {frost, Str+3}
   (You found it on level 3 of the Elven Halls)

   It turns projectiles fired from it into bolts of frost.
   It affects your strength (+3).
Missiles
 A - 22 sling bullets
 E - 12 exploding sling bullets
Armour
 d - a +0 large shield (worn)
 t - a +1 wizard hat (worn)
Magical devices
 e - a wand of teleportation (4)
 r - a wand of invisibility (5)
 x - a wand of digging (0)
 y - a wand of draining (4)
 I - a wand of confusion (11)
 O - a wand of disintegration (13)
 S - a wand of fire (6)
Comestibles
 P - an apple
 Z - 6 meat rations
Scrolls
 c - a scroll of teleportation
 k - 3 scrolls of fear
 s - 2 scrolls of identify
 u - a scroll of fog
 w - 2 scrolls of blinking
 z - a scroll of amnesia
Jewellery
 f - a ring of poison resistance (right tentacle)
 j - a +6,+2 ring of slaying (on tentacle)
 n - a +0,+7 ring of slaying (left tentacle)
 o - the ring "Bathrofo" {cTele rF- rC++ Stlth+}
   (You found it on level 7 of the Lair of Beasts)

   [ring of teleport control]

   It makes you vulnerable to fire.
   It greatly protects you from cold.
   It makes you much more stealthy.
 q - a +5 ring of intelligence (on tentacle)
 D - an uncursed amulet of clarity
 G - a +4 ring of evasion (on tentacle)
 K - a ring of see invisible (on tentacle)
 L - an uncursed ring of teleportation
 N - an amulet of faith (around mantle)
 Q - a ring of sustenance (on tentacle)
 T - the ring "Geokk" (on tentacle) {rF+ Acc+4 Dam+3}
   (You found it on level 1 of the Abyss)

   [ring of protection from fire]

   It affects your accuracy (+4).
   It affects your damage-dealing abilities (+3).
 U - the amulet "Asejaab" {Spirit Dex+2 Acc+2}
   (You found it on level 3 of the Elven Halls)

   [amulet of guardian spirit]

   It affects your dexterity (+2).
   It affects your accuracy (+2).
Potions
 h - 5 potions of curing
 m - a potion of restore abilities
 v - 2 potions of resistance
 B - 5 potions of heal wounds
 F - a potion of speed
 R - 2 potions of flight
Books
 b - a manual of Fighting
 l - the Grimoire of the Glacier
   (You found it on level 18 of the Dungeon)

   Spells                             Type                      Level
   Freezing Aura                      Charms/Ice                   2
   Throw Frost                        Conjuration/Ice              2
   Condensation Shield                Ice                          4
   Summon Ice Beast                   Ice/Summoning                4
   Metabolic Englaciation             Hexes/Ice                    6
Magical staves
 p - an uncursed staff of energy
Miscellaneous
 a - a sack of spiders
 i - a lamp of fire
 H - a lamp of fire
 J - a stone of tremors
 M - a phial of floods
Rods
 C - a +4 lightning rod (12/12)
   (You found it on level 3 of the Elven Halls)
 X - a +8 rod of venom (14/14)
   (You found it on level 3 of the Elven Halls)


   Skills:
 + Level 11.7 Fighting
 * Level 4.2 Short Blades
 - Level 4.3 Maces & Flails
   Level 3.6 Polearms
 - Level 15.2 Slings
 + Level 8.8 Dodging
 * Level 25.9 Stealth
 + Level 10.9 Shields
 - Level 5.7 Spellcasting
 - Level 7.0 Conjurations
 - Level 6.6 Fire Magic
 - Level 2.0 Air Magic
 + Level 12.1 Invocations
 * Level 11.9 Evocations


You had 11 spell levels left.
You knew the following spells:

 Your Spells              Type           Power        Failure   Level  Hunger
a - Conjure Flame         Conj/Fire      #####...     10%         3    #......
b - Sticky Flame          Conj/Fire      #####...     28%         4    ###....
c - Repel Missiles        Chrm/Air       ##........   52%         2    None
d - Mephitic Cloud        Conj/Pois/Air  ###.....     43%         3    #......
e - Swiftness             Chrm/Air       ##........   52%         2    None
f - Blink                 Tloc           N/A          77%         2    None
g - Flight                Chrm/Air       ##........   88%         3    #......


Dungeon Overview and Level Annotations

Branches:
Dungeon (20/27)            Temple (0/1) D:5             Orc (4/4) D:11
    Elf (3/3) Orc:3          Lair (8/8) D:9           Swamp (5/5) Lair:6
 Spider (5/5) Lair:5        Slime (0/6) Lair:6       Vaults (0/5) D:20

Altars:
Cheibriados
Fedhas
Okawaru
Xom
Zin
Beogh
Jiyva

Shops:
D:17: / Orc:4: [=?*( Elf:2: (!/

Portals:
Trove: D:16 (give wand of hasting (8))

Annotations
D:4 exclusion: oklob plant
D:18 exclusion: silver statue


Innate Abilities, Weirdness & Mutations

You cannot wear most types of armour.
You are amphibious.
You can wear up to eight rings at the same time.
You can use your tentacles to constrict many enemies at once.
Your skin changes colour to match your surroundings (Stlth).
Your rubbery body absorbs attacks (AC +1).
One of your tentacles bears a spike.
You can translocate small distances at will.
You are dopey (Int -2).
You have a fast metabolism.
Your muscles are flexible, but weak (Str -1, Dex +1).
You sometimes yell uncontrollably.
You are weak (Str -1).


Message History

You kill the big kobold!
Yredelemnul accepts your kill.
The starcursed mass completely misses you.
A starcursed mass A starcursed mass splits.
The starcursed mass barely misses you. You block the starcursed mass' attack.
A cacophony of accursed wailing tears at your sanity!
You suddenly lose the ability to move!
A cacophony of accursed wailing tears at your sanity!
* * * LOW HITPOINT WARNING * * *
The starcursed mass completely misses you.
The starcursed mass barely misses you. The starcursed mass engulfs you!
* * * LOW HITPOINT WARNING * * *
The starcursed mass barely misses you.
A cacophony of accursed wailing tears at your sanity!
* * * LOW HITPOINT WARNING * * *
The starcursed mass engulfs you!
You die...
Your body rises from the dead as a mindless zombie.

#...#(
##....#
#...###
##.#.# .X.#
##XX# ##XX#
###)XX####
#..X@X...#
#.§§§§§.##
#..§§§§§#.#
##.#...####
###§### §.
§§ §


You could see 9 starcursed masses.

Vanquished Creatures
  Agnes (Elf:1)
  Frances (Elf:2)
  2 deep elf sorcerers (Elf:3)
  A deep elf death mage (Elf:3)
  9 hydras
  6 alligators
  An ogre mage (D:19)
  A deep elf demonologist (Elf:3)
  9 centaur warriors
  2 deep elf high priests (Elf:3)
  A death yak (Lair:7)
  A deep troll (WizLab)
  A stone giant skeleton (D:18)
  6 deep elf knights
  Erolcha (D:10)
  A skeletal warrior (D:18)
  A large abomination (Abyss:1)
  3 humans
  2 wizards (D:18)
  An unseen horror (D:13)
  An orc knight (D:20)
  6 swamp dragons
  5 hill giants
  3 giant amoebae
  An orc sorcerer (Orc:4)
  7 wolf spiders
  A cyclops (D:17)
  2 griffons
  3 red wasps
  A draconian (shapeshifter) (D:16)
  An ettin zombie (D:20)
  3 black mambas
  A griffon zombie (D:17)
  A vapour (D:18)
  A yaktaur (shapeshifter) (D:18)
  A hellwing (D:18)
  7 spiny frogs
  14 slime creatures
  3 demonic crawlers
  13 ugly things
  A naga mage (D:18)
  A hill giant skeleton (D:15)
  2 trolls
  A komodo dragon (shapeshifter) (D:16)
  2 blink frogs (Lair:3)
  A spriggan (D:7)
  5 giant leeches
  An orange crystal statue (WizLab)
  5 komodo dragons
  A blue devil (D:18)
  3 polar bears (Lair:8)
  A two-headed ogre (D:18)
  2 bog bodies (Swamp:5)
  6 grizzly bears (Lair:8)
  Blork the orc (Orc:4)
  A fire elemental (Swamp:5)
  A baby alligator (Swamp:2)
  5 basilisks
  A tarantella (Spider:3)
  3 orb spiders
  A starcursed mass (Abyss:1)
  A hog (Swamp:1)
  4 hungry ghosts
  A vampire (D:18)
  A water elemental (D:17)
  Eustachio (Orc:1)
  A jumping spider (Spider:3)
  A fire drake (D:14)
  9 vampire mosquitoes
  2 deep elf conjurers
  4 trapdoor spiders
  5 hippogriffs
  14 yaks
  2 deep elf summoners (Elf:3)
  6 redbacks
  6 deep elf fighters
  9 wolves
  A neqoxec (Abyss:1)
  A manticore (D:12)
  A yaktaur zombie (D:18)
  A yaktaur skeleton (D:11)
  5 swamp worms
  10 porcupines
  A mottled dragon (D:20)
  2 soldier ants
  A yellow wasp (D:13)
  A necrophage (D:6)
  2 deep elf priests (Elf:1)
  8 orc warriors
  A cyclops skeleton (D:14)
  3 black bears (Lair:8)
  A cyclops zombie (D:11)
  A sky beast (D:5)
  9 giant goldfish
  2 ice beasts
  A manticore skeleton (D:10)
  A yak zombie (D:12)
  A kobold demonologist (D:19)
  7 centaurs
  3 phantoms
  A boring beetle (Lair:4)
  7 swamp drakes
  3 crocodiles
  2 wargs
  4 deep elf magi
  6 ogres
  3 giant slugs
  A giant frog zombie (D:5)
  12 water moccasins
  10 big kobolds
  A centaur skeleton (D:8)
  14 giant frogs
  An agate snail (Lair:6)
  A giant frog skeleton (D:4)
  A two-headed ogre skeleton (D:14)
  5 insubstantial wisps
  3 jellyfish
  4 killer bees
  7 electric eels
  A mottled dragon zombie (D:17)
  2 wights (D:13)
  Dowan (D:5)
  7 hounds
  7 crimson imps
  5 orc priests
  11 spiders
  18 big fish
  Crazy Yiuf (D:2)
  An orange rat (Orc:4)
  9 iguanas
  11 deep elf soldiers
  16 orc wizards
  2 scorpions
  6 worker ants
  A jelly (D:8)
  11 sheep
  Jessica (D:2)
  A boggart (D:16)
  A mummy (D:12)
  A gnoll (D:5)
  2 human zombies (D:20)
  19 adders
  An adder zombie (D:5)
  12 green rats
  An inept feature mimic (D:4)
  6 giant centipedes
  An iguana skeleton (D:6)
  A giant mite (D:6)
  A scorpion zombie (D:7)
  4 worms
  2 ufetubi
  A bat zombie (D:6)
  6 giant eyeballs
  5 giant geckos
  88 orcs
  4 giant cockroaches
  13 goblins
  14 hobgoblins
  18 jackals
  8 quokkas
  3 training dummies (Orc:1)
  2 ball pythons
  22 bats
  6 giant newts
  2 giant spores
  A goblin skeleton (D:4)
  A jackal zombie (D:6)
  34 kobolds
  2 kobold skeletons (D:5)
  An orc zombie (D:7)
  29 rats
  7 ballistomycetes
  2 fungi
  2 plants
823 creatures vanquished.

Vanquished Creatures (collateral kills)
  Saint Roka (Orc:4)
  Norris (D:19)
  Nikola (Elf:1)
  3 deep elf blademasters (Elf:3)
  Kirke (Swamp:1)
  Rupert (Elf:1)
  Roxanne (Spider:2)
  2 ghost moths (Spider:5)
  Donald (Spider:5)
  The ghost of Kae the Destroyer, a mighty TeFE of Vehumet (Spider:3)
  An orc warlord (Orc:4)
  The ghost of Sneal the Impaler, a powerful MfFi of Trog (Swamp:3)
  Gastronok (Lair:1)
  2 azure jellies (D:18)
  2 elemental wellsprings (D:17)
  Jorgrun (D:19)
  4 spectral elves (Elf:3)
  3 emperor scorpions (Spider:5)
  6 deep elf annihilators (Elf:3)
  2 deep elf master archers (Elf:3)
  6 deep elf death magi
  6 deep elf sorcerers (Elf:3)
  Snorg (Elf:1)
  2 vault guards (D:20)
  Nessos (D:13)
  A dragon (Lair:8)
  Fannar (D:13)
  Erica (Swamp:1)
  17 hydras
  3 death yaks (Lair:7)
  10 deep elf demonologists (Elf:3)
  A wolf spider zombie (D:16)
  An ogre mage (D:17)
  7 alligators
  A deep elf high priest (Elf:3)
  2 rakshasas (D:18)
  An orc high priest (Orc:4)
  A fire crab (D:18)
  Urug (D:10)
  Nergalle (Orc:4)
  9 centaur warriors
  5 sun demons
  2 stone giant skeletons
  3 soul eaters
  A catoblepas (Lair:6)
  11 deep elf knights
  An ice devil (D:18)
  16 skeletal warriors
  2 swamp dragons (Swamp:5)
  A giant orange brain (D:18)
  8 hill giants
  2 ice statues (D:18)
  4 lindwurms (D:15)
  A giant amoeba (D:16)
  7 orc knights
  5 wizards
  2 orc sorcerers
  21 wolf spiders
  2 necromancers (D:20)
  2 unseen horrors (D:19)
  2 griffons
  An iron troll skeleton (D:19)
  A hydra skeleton (D:16)
  Maurice (Orc:4)
  3 red wasps
  A dragon zombie (D:13)
  3 cyclopes
  A moth of wrath (Spider:5)
  An elephant slug (Lair:2)
  23 slime creatures
  A hell beast (Elf:3)
  An ettin zombie (D:17)
  A fire giant simulacrum (D:18)
  A wolf spider simulacrum (D:17)
  A griffon zombie (D:16)
  7 sixfirhies
  A griffon skeleton (D:19)
  2 hellwings
  10 spiny frogs
  A hill giant zombie (D:11)
  A stone giant simulacrum (D:18)
  8 demonic crawlers
  2 orange demons
  35 ugly things
  12 humans (D:20)
  5 yaktaurs (D:18)
  An item mimic (Lair:3)
  5 iron devils
  A burning bush (D:18)
  A smoke demon (Elf:3)
  3 komodo dragons
  8 red devils (Elf:3)
  2 blink frogs (Lair:3)
  3 polar bears (Lair:8)
  3 wandering mushrooms (Lair:3)
  3 fire vortices (D:18)
  8 trolls
  5 grizzly bears (Lair:8)
  A deep troll skeleton (D:19)
  2 blue devils (Elf:3)
  A red wasp simulacrum (D:18)
  8 bog bodies
  4 giant leeches
  A dragon simulacrum (D:17)
  A giant amoeba simulacrum (D:18)
  A grizzly bear (shapeshifter) (Elf:3)
  21 jumping spiders
  11 basilisks
  8 baby alligators
  12 water elementals (D:17)
  2 wyverns
  A shadow (D:14)
  3 air elementals (D:18)
  13 orb spiders
  3 sharks (D:17)
  9 tarantellas
  A tarantella (shapeshifter) (D:17)
  39 yaks
  A vampire (D:19)
  A steam dragon (Lair:8)
  2 fire elementals (D:18)
  5 two-headed ogres
  12 trapdoor spiders
  3 ynoxinuls (D:18)
  17 swamp worms
  36 redbacks
  4 fire drakes
  7 wolves (Lair:6)
  5 deep elf conjurers
  13 deep elf summoners
  A chaos spawn (Elf:3)
  A giant slug zombie (D:14)
  2 spiny worm simulacra
  10 deep elf fighters
  2 hogs (Swamp:1)
  9 manticores
  3 rock worms
  14 vampire mosquitoes
  10 hippogriffs
  A necrophage (D:6)
  A soldier ant (D:14)
  A boulder beetle (Spider:2)
  29 orc warriors
  A cyclops zombie (D:12)
  4 porcupines
  4 mottled dragons
  A cyclops skeleton (D:14)
  2 ice beasts
  A deep elf priest (Elf:1)
  A lost soul (Elf:3)
  14 ogres
  2 sky beasts
  A troll zombie (D:14)
  3 black bears
  5 human zombies (D:20)
  11 swamp drakes
  13 giant goldfish
  8 crocodiles
  A boring beetle (Spider:4)
  4 rotting devils
  Duvessa (D:5)
  2 giant slugs
  5 wargs
  A fire crab simulacrum (D:18)
  A brain worm (D:18)
  22 centaurs
  13 deep elf magi
  6 giant frogs
  8 agate snails
  2 big kobolds
  A giant frog skeleton (D:11)
  A basilisk zombie (D:13)
  A soldier ant zombie (D:16)
  6 water moccasins
  14 insubstantial wisps
  2 shapeshifter simulacra (D:18)
  6 killer bees
  20 jellyfish
  2 lava snakes (D:18)
  3 electric eels
  2 wights (D:13)
  5 crimson imps
  3 goliath beetles
  A mottled dragon skeleton (D:17)
  2 scorpions
  23 big fish
  2 hounds
  4 iron imps
  22 spiders
  12 orc priests
  A gnoll shaman (D:5)
  An iguana (Lair:8)
  3 quasits
  A worker ant (D:5)
  23 deep elf soldiers
  16 sheep
  20 orc wizards
  6 lightning spires (D:18)
  4 jellies
  8 boggarts
  A mummy (D:13)
  24 green rats
  4 lemures
  2 adders
  2 giant centipedes
  3 gnolls (D:5)
  5 shadow imps
  A giant mite (Lair:8)
  7 white imps
  A worm (Lair:1)
  18 ufetubi
  77 orcs
  3 bats
  5 goblins
  A jackal (D:6)
  6 kobolds
  A training dummy (Orc:1)
  3 giant geckos
  2 illusory rakshasas (D:18)
  2 rats
  5 ballistomycetes
  A bush (Lair:7)
  6 fungi
  12 plants
1251 creatures vanquished.

Vanquished Creatures (others)
  2 profane servitors (D:18)
  2 bone dragons
  2 ghouls (D:18)
  6 death cobs
  6 skeletal warriors
  3 ball lightnings (D:18)
  2 flayed ghosts
  An unseen horror (D:18)
  A hydra zombie (Lair:8)
  7 flaming corpses
  A human (D:20)
  4 phantasmal warriors
  A red wasp zombie (Spider:5)
  A sixfirhy (D:18)
  An ugly thing zombie (D:13)
  A fire elemental (Swamp:5)
  A fire vortex (D:18)
  A spiny frog zombie (Lair:8)
  8 flying skulls
  2 blink frog zombies (Lair:3)
  3 wraiths
  A vampire mosquito zombie (D:16)
  A komodo dragon zombie (Lair:8)
  A yaktaur zombie (D:18)
  2 manticore zombies (D:14)
  2 spectral humans
  4 freezing wraiths
  2 grizzly bear zombies (Lair:8)
  A polar bear zombie (Lair:8)
  A shark zombie (D:17)
  A deep elf mage (D:18)
  A wolf zombie (Lair:6)
  A centaur zombie (D:15)
  A water moccasin zombie (Lair:8)
  A yellow wasp zombie (D:13)
  4 ogre zombies
  A warg zombie (Orc:4)
  4 killer bee zombies
  2 wights (D:7)
  2 big kobold zombies
  2 crocodile zombies (Lair:8)
  A two-headed ogre zombie (D:15)
  A mottled dragon zombie (Lair:8)
  A spider zombie (Spider:2)
  A hound zombie (D:6)
  An ogre skeleton (D:17)
  An orange rat zombie (Orc:4)
  A swamp drake zombie (Swamp:5)
  An orc skeleton (Orc:4)
  3 sheep zombies
  3 iguana zombies
  5 elf zombies
  A scorpion zombie (D:12)
  An electric eel skeleton (Swamp:4)
  An ufetubus (Elf:1)
  A gnoll zombie (D:5)
  4 green rat zombies
  A goblin (Orc:4)
  2 giant spores
  5 jackal zombies
  10 kobold zombies
  42 orc zombies
  A rat skeleton (D:7)
  5 plants
184 creatures vanquished.

Grand Total: 2258 creatures vanquished

Notes
Turn   | Place    | Note
--------------------------------------------------------------
     0 | D:1      | M4edhros, the Octopode Death Knight, began the quest for the Orb.
     0 | D:1      | Reached XP level 1. HP: 14/14 MP: 2/2
   110 | D:1      | Reached skill level 1 in Stealth
   130 | D:1      | Reached XP level 2. HP: 9/19 MP: 4/4
   752 | D:1      | Acquired Yredelemnul's second power
   768 | D:1      | Reached XP level 3. HP: 20/24 MP: 5/5
  1080 | D:2      | Reached XP level 4. HP: 11/30 MP: 7/7
  1409 | D:2      | Reached skill level 4 in Stealth
  1447 | D:2      | Noticed Crazy Yiuf
  1454 | D:2      | Killed Crazy Yiuf
  1691 | D:2      | Reached XP level 5. HP: 25/35 MP: 8/8
  1745 | D:2      | Noticed Jessica
  1761 | D:2      | Killed Jessica
  1761 | D:2      | Reached skill level 1 in Maces & Flails
  2440 | D:3      | Reached skill level 5 in Stealth
  2821 | D:3      | Noticed an ogre
  2830 | D:3      | Killed an ogre
  2830 | D:3      | Reached XP level 6. HP: 36/40 MP: 10/10
  3255 | D:4      | Reached skill level 6 in Stealth
  3420 | D:4      | Found a glowing silver altar of Zin.
  3535 | D:4      | Found a blossoming altar of Fedhas.
  3624 | D:4      | Noticed an oklob plant
  3691 | D:4      | Noticed an angel
  3694 | D:4      | Found a shimmering altar of Xom.
  3757 | D:4      | Paralysed by a potion of paralysis for 3 turns
  3782 | D:4      | Reached skill level 7 in Stealth
  3972 | D:4      | Reached XP level 7. HP: 43/45 MP: 11/11
  4135 | D:5      | Entered Level 5 of the Dungeon
  4318 | D:5      | Acquired Yredelemnul's third power
  4387 | D:5      | Reached skill level 8 in Stealth
  5213 | D:5      | Reached skill level 1 in Slings
  5257 | D:5      | Reached XP level 8. HP: 43/51 MP: 13/13
  5288 | D:5      | Noticed Duvessa
  5294 | D:5      | Noticed Dowan
  5297 | D:5      | Killed Duvessa
  5299 | D:5      | Killed Dowan
  5434 | D:5      | Found a staircase to the Ecumenical Temple.
  5733 | D:6      | Reached skill level 9 in Stealth
  5749 | D:6      | Received a gift from Yredelemnul
  6490 | D:7      | Received a gift from Yredelemnul
  6704 | D:7      | Noticed a spriggan baker
  6708 | D:7      | Killed a spriggan baker
  6708 | D:7      | Reached skill level 5 in Slings
  6708 | D:7      | Reached XP level 9. HP: 45/55 MP: 14/14
  6978 | D:7      | Received a gift from Yredelemnul
  7018 | D:7      | Reached skill level 10 in Stealth
  7303 | D:7      | Noticed a hill giant
  7313 | D:7      | Killed a hill giant
  8422 | D:9      | Reached skill level 11 in Stealth
  8763 | D:9      | Found a staircase to the Lair.
  8847 | D:9      | Reached XP level 10. HP: 61/61 MP: 16/16
  8968 | D:9      | Acquired Yredelemnul's fourth power
  9036 | D:9      | Found a snail-covered altar of Cheibriados.
  9281 | D:9      | Received a gift from Yredelemnul
  9364 | D:10     | Entered Level 10 of the Dungeon
  9480 | D:10     | Noticed Urug
  9495 | D:10     | Killed Urug
  9495 | D:10     | Reached skill level 12 in Stealth
  9725 | D:10     | Reached skill level 10 in Slings
 10105 | D:10     | Noticed Erolcha
 10114 | D:10     | Killed Erolcha
 10114 | D:10     | Reached skill level 13 in Stealth
 10181 | D:10     | Your ally Erolcha died
 10314 | Lair:1   | Entered Level 1 of the Lair of Beasts
 10314 | Lair:1   | Noticed a black mamba
 10321 | Lair:1   | Killed a black mamba
 10321 | Lair:1   | Reached XP level 11. HP: 46/65 MP: 17/17
 10456 | Lair:1   | Noticed Gastronok
 10483 | Lair:1   | Killed Gastronok
 10483 | Lair:1   | Reached skill level 14 in Stealth
 10652 | Lair:1   | Received a gift from Yredelemnul
 11489 | Lair:2   | Received a gift from Yredelemnul
 11631 | Lair:2   | Received a gift from Yredelemnul
 12415 | Lair:3   | Reached skill level 1 in Shields
 12444 | Lair:3   | Received a gift from Yredelemnul
 12526 | Lair:3   | Noticed a seven-headed hydra
 12538 | Lair:3   | Killed a seven-headed hydra
 12538 | Lair:3   | Reached skill level 15 in Stealth
 12777 | Lair:3   | Reached XP level 12. HP: 40/73 MP: 18/18
 14353 | Lair:5   | Noticed a six-headed hydra
 14361 | Lair:5   | Killed a six-headed hydra
 14476 | Lair:5   | Acquired Yredelemnul's fifth power
 14568 | Lair:5   | Received a gift from Yredelemnul
 14677 | Lair:5   | Found a hole to the Spider Nest.
 15359 | Lair:6   | Reached skill level 5 in Fighting
 15360 | Lair:6   | Received a gift from Yredelemnul
 15361 | Lair:6   | Noticed a five-headed hydra
 15370 | Lair:6   | Killed a five-headed hydra
 15370 | Lair:6   | Reached skill level 5 in Dodging
 15492 | Lair:6   | Received a gift from Yredelemnul
 15500 | Lair:6   | Reached skill level 5 in Shields
 15558 | Lair:6   | Found a viscous altar of Jiyva.
 15559 | Lair:6   | Found a staircase to the Slime Pits.
 15598 | Lair:6   | Found a staircase to the Swamp.
 15713 | Lair:6   | Reached skill level 16 in Stealth
 15734 | Lair:6   | Learned a level 3 spell: Conjure Flame
 15734 | Lair:6   | Upgraded the game from 0.13-a0-2202-g857913d to 0.13-a0-2210-g26cee09
 15771 | Lair:6   | Noticed a catoblepas
 15786 | Lair:6   | Killed a catoblepas
 15906 | Lair:6   | Reached skill level 1 in Conjurations
 15907 | Lair:6   | Reached skill level 1 in Spellcasting
 15907 | Lair:6   | Reached skill level 1 in Fire Magic
 16520 | Lair:7   | Noticed a death yak
 16532 | Lair:7   | Learned a level 4 spell: Sticky Flame
 16537 | Lair:7   | Noticed a death yak
 16537 | Lair:7   | Noticed a death yak
 16539 | Lair:7   | Noticed a death yak
 16546 | Lair:7   | Killed a death yak
 16546 | Lair:7   | Received a gift from Yredelemnul
 16553 | Lair:7   | Killed a death yak
 16554 | Lair:7   | Killed a death yak
 16554 | Lair:7   | Reached XP level 13. HP: 81/81 MP: 20/20
 16554 | Lair:7   | Killed a death yak
 16696 | Lair:7   | Got a faintly glowing glass ring
 16697 | Lair:7   | Identified the ring "Bathrofo" {cTele rF- rC++ Stlth+} (You found it on level 7 of the Lair of Beasts)
 16830 | Lair:7   | Gained mutation: Space occasionally distorts in your vicinity. [potion of mutation]
 16830 | Lair:7   | Gained mutation: Your body is misshapen. [potion of mutation]
 16830 | Lair:7   | Gained mutation: Your body is slowly deteriorating. [potion of mutation]
 16981 | Lair:8   | Entered Level 8 of the Lair of Beasts
 17162 | Lair:8   | Received a gift from Yredelemnul
 17275 | Lair:8   | Noticed a four-headed hydra
 17290 | Lair:8   | Killed a four-headed hydra
 17290 | Lair:8   | Reached skill level 1 in Evocations
 17403 | Lair:8   | Received a gift from Yredelemnul
 17425 | Lair:8   | Noticed a dragon
 17452 | Lair:8   | Killed a dragon
 17663 | Lair:8   | HP: 1/81 [polar bear (4)]
 17667 | Lair:8   | Received a gift from Yredelemnul
 17969 | Lair:8   | Received a gift from Yredelemnul
 18728 | D:11     | Received a gift from Yredelemnul
 18756 | D:11     | Found a staircase to the Orcish Mines.
 19203 | D:11     | Reached skill level 15 in Slings
 19421 | Orc:1    | Entered Level 1 of the Orcish Mines
 19433 | Orc:1    | Received a gift from Yredelemnul
 19438 | Orc:1    | Noticed Eustachio
 19441 | Orc:1    | Killed Eustachio
 19511 | Orc:1    | Found an iron altar of Okawaru.
 20399 | Orc:3    | Received a gift from Yredelemnul
 20409 | Orc:3    | Found a staircase to the Elven Halls.
 20411 | Orc:3    | Noticed Psyche
 20419 | Orc:3    | Killed Psyche
 20419 | Orc:3    | Enslaved Psyche
 20942 | Orc:4    | Entered Level 4 of the Orcish Mines
 20942 | Orc:4    | Noticed Maurice
 20950 | Orc:4    | Received a gift from Yredelemnul
 20967 | Orc:4    | Killed Maurice
 20985 | Orc:4    | Found Styalueps' Magic Scroll Emporium.
 20992 | Orc:4    | Noticed an orc warlord
 20999 | Orc:4    | Your ally Psyche died
 21000 | Orc:4    | Killed an orc warlord
 21073 | Orc:4    | Reached skill level 5 in Fire Magic
 21087 | Orc:4    | Received a gift from Yredelemnul
 21106 | Orc:4    | Reached skill level 5 in Conjurations
 21179 | Orc:4    | Bought a scroll of identify for 32 gold pieces
 21271 | Orc:4    | Noticed Blork the orc
 21272 | Orc:4    | Found a roughly hewn altar of Beogh.
 21275 | Orc:4    | Noticed Nergalle
 21275 | Orc:4    | Noticed Saint Roka
 21284 | Orc:4    | Killed Nergalle
 21473 | Orc:4    | Your ally Nergalle died
 21662 | Orc:4    | Yermak: not enslaved?
 21663 | Orc:4    | Yermak: just killed?
 21663 | Orc:4    | M4edhros: what?
 21663 | Orc:4    | Yermak: Nergalle
 21663 | Orc:4    | M4edhros: is nergalle that good?
 21663 | Orc:4    | M4edhros: im aiming for saint roka
 21663 | Orc:4    | Yermak: well, mroe summons
 21663 | Orc:4    | Yermak: you can always kill old osul
 21663 | Orc:4    | M4edhros: he was in crowd
 21663 | Orc:4    | M4edhros: and just died in one turn
 21845 | Orc:4    | Received a gift from Yredelemnul
 21948 | Orc:4    | Reached XP level 14. HP: 89/89 MP: 25/25
 22189 | Orc:4    | M4edhros: only 3 turns to kill him
 22189 | Orc:4    | M4edhros: its not enough
 22216 | Orc:4    | M4edhros: amulet of faith luckily
 22511 | D:12     | Received a gift from Yredelemnul
 22672 | D:12     | Reached skill level 5 in Invocations
 23474 | D:13     | Noticed Fannar
 23474 | D:13     | M4edhros: fuck
 23525 | D:13     | Received a gift from Yredelemnul
 23529 | D:13     | Noticed Nessos
 23530 | D:13     | M4edhros: is nessos good as enslaved sould?
 23548 | D:13     | Killed Nessos
 23671 | D:13     | Killed Fannar
 23759 | D:13     | Noticed Harold
 23769 | D:13     | Killed Harold
 23769 | D:13     | Enslaved Harold
 23792 | D:13     | ZoFy: Not possible, i think.
 23816 | D:13     | ZoFy: Also, what are you doing with 0 int. man?!
 23818 | D:13     | Your ally Harold died
 23835 | D:13     | ZoFy: I know there's no more stat death but still.
 23837 | D:13     | M4edhros: 0 int?
 23837 | D:13     | M4edhros: i have 18
 24140 | D:13     | ZoFy: http://gyazo.com/89431d67ec5b4bb6a84f84f323776b70 Here's how your game looks for me, lol.
 24140 | D:13     | M4edhros: lol
 24140 | D:13     | M4edhros: thats interesting though
 24268 | D:13     | ZoFy: Well, at least reloading helped.
 24275 | D:13     | Received a gift from Yredelemnul
 24599 | D:13     | Reached skill level 10 in Invocations
 24760 | D:14     | Entered Level 14 of the Dungeon
 24764 | D:14     | Received a gift from Yredelemnul
 24912 | D:14     | Received a gift from Yredelemnul
 25310 | D:14     | Received a gift from Yredelemnul
 25894 | D:15     | Entered Level 15 of the Dungeon
 25921 | D:15     | Received a gift from Yredelemnul
 26164 | D:15     | Received a gift from Yredelemnul
 26165 | D:15     | Reached skill level 5 in Spellcasting
 26578 | D:15     | Got a polished bow
 26807 | D:16     | Reached XP level 15. HP: 31/95 MP: 29/29
 27085 | D:16     | Gained mutation: Your muscles are strong, but stiff (Str +1, Dex -1). [mutagenic meat]
 27086 | D:16     | Lost mutation: Your body is slowly deteriorating. [mutagenic meat]
 27105 | D:16     | Found a portal to a secret trove of treasure.
 27260 | D:16     | Received a gift from Yredelemnul
 27662 | D:17     | Gained mutation: You have a pair of small antennae on your head. [mutagenic meat]
 27669 | D:17     | Gained mutation: You have a fast metabolism. [mutagenic meat]
 27670 | D:17     | Gained mutation: You are clumsy (Dex -1). [mutagenic meat]
 27777 | D:17     | Received a gift from Yredelemnul
 27834 | D:17     | Gained mutation: You are dopey (Int -1). [mutagenic meat]
 27841 | D:17     | Gained mutation: You are partially covered in yellow scales (AC +2). [mutagenic meat]
 27842 | D:17     | Lost mutation: Your body is misshapen. [mutagenic meat]
 27843 | D:17     | Lost mutation: You are dopey (Int -1). [mutagenic meat]
 27844 | D:17     | Gained mutation: You are dopey (Int -1). [mutagenic meat]
 28035 | D:17     | Noticed an elemental wellspring
 28037 | D:17     | Noticed an elemental wellspring
 28064 | D:17     | Killed an elemental wellspring
 28083 | D:17     | Killed an elemental wellspring
 28083 | D:17     | Reached skill level 10 in Shields
 28642 | D:17     | Found Lahis' Magical Wand Shoppe.
 29331 | D:18     | Identified the Collected Works on the Birds and Arcane Weapons (You found it on level 18 of the Dungeon)
 29336 | D:18     | Learned a level 2 spell: Repel Missiles
 29449 | D:18     | Reached skill level 1 in Air Magic
 29490 | D:18     | Identified Demmapt's Catalogue of Destructive Ignition
 29570 | D:18     | Identified a scroll of acquirement
 29693 | D:18     | Reached skill level 1 in Short Blades
 30199 | Orc:4    | Killed Blork the orc
 30224 | Orc:4    | Found Clowku's Antique Weapon Shoppe.
 30227 | Orc:4    | M4edhros: hah
 30227 | Orc:4    | M4edhros: great
 30301 | Orc:4    | Reached skill level 5 in Evocations
 30302 | Orc:4    | Received a gift from Yredelemnul
 30333 | Orc:4    | Bloax: napalm with rf-
 30333 | Orc:4    | Bloax: gr8
 30560 | Orc:4    | Bloax: Drain some life or somethin?
 30563 | Orc:4    | Killed Saint Roka
 30568 | Orc:4    | M4edhros: now im confused
 30568 | Orc:4    | M4edhros: 10 turns
 30568 | Orc:4    | M4edhros: it was like 6
 30568 | Orc:4    | M4edhros: or 7 max
 30568 | Orc:4    | M4edhros: and he didnt enslave
 30568 | Orc:4    | M4edhros: hm
 30568 | Orc:4    | M4edhros: ok.
 30568 | Orc:4    | Bloax: pff
 30568 | Orc:4    | Bloax: Stopped working on the turn before he died.
 30568 | Orc:4    | M4edhros: yep
 30591 | Orc:4    | Found Dolon's Antique Armour Shoppe.
 30603 | Orc:4    | Found Briugg's General Store.
 30686 | Orc:4    | M4edhros: ok
 30686 | Orc:4    | M4edhros: great!
 30686 | Orc:4    | M4edhros: endgame weapon found
 30686 | Orc:4    | M4edhros: it would be much more nicer with spear though..
 30686 | Orc:4    | Bloax: yeah that sabre os speed sounds awesome doesn't it
 30686 | Orc:4    | M4edhros: naah
 30686 | Orc:4    | M4edhros: elec
 30686 | Orc:4    | M4edhros: speed is nice, but elec is better (depending on situation)
 30686 | Orc:4    | Bloax: { whoosh
 30686 | Orc:4    | M4edhros: still, i have 6/9 slaying
 30686 | Orc:4    | Bloax: Speed would kind of suck on a weapon that already goes down to 2 attacks/turn.
 30686 | Orc:4    | M4edhros:
 30686 | Orc:4    | Bloax: Though iunno
 30686 | Orc:4    | Bought a +2,+1 elven sabre of electrocution for 559 gold pieces
 30899 | Orc:4    | Found Moaleuwe's Jewellery Shoppe.
 30962 | Orc:4    | Bought a scroll of remove curse for 48 gold pieces
 30970 | Orc:4    | Identified the bow of Gallantry {frost, Str+3 Dex+2} (You found it on level 15 of the Dungeon)
 31349 | Swamp:1  | Entered Level 1 of the Swamp
 31352 | Swamp:1  | Reached skill level 17 in Stealth
 31413 | Swamp:1  | Received a gift from Yredelemnul
 31450 | Swamp:1  | Noticed Aizul
 31460 | Swamp:1  | Killed Aizul
 31460 | Swamp:1  | Enslaved Aizul
 31503 | Swamp:1  | Noticed Erica
 31504 | Swamp:1  | Reached XP level 16. HP: 95/103 MP: 30/30
 31515 | Swamp:1  | Killed Erica
 31644 | Swamp:1  | Noticed Kirke
 31654 | Swamp:1  | Killed Kirke
 31703 | Swamp:1  | Received a gift from Yredelemnul
 31807 | Swamp:1  | Reached skill level 18 in Stealth
 32218 | Swamp:2  | Bloax: 5/19/23 Against a hydra in water.
 32218 | Swamp:2  | Bloax: brave sir octopode
 32385 | Swamp:2  | Reached skill level 19 in Stealth
 32840 | Swamp:3  | Noticed Sneal's ghost (powerful MfFi)
 32847 | Swamp:3  | Killed Sneal's ghost
 32874 | Swamp:3  | Received a gift from Yredelemnul
 33367 | Swamp:4  | Reached skill level 20 in Stealth
 33369 | Swamp:4  | Received a gift from Yredelemnul
 33408 | Swamp:4  | Identified a +0 rod of venom (11/11) (You found it on level 4 of the Swamp)
 33446 | Swamp:4  | Received a gift from Yredelemnul
 33542 | Swamp:4  | Received a gift from Yredelemnul
 33953 | Swamp:5  | Entered Level 5 of the Swamp
 33980 | Swamp:5  | Reached skill level 21 in Stealth
 34010 | Swamp:5  | Received a gift from Yredelemnul
 34386 | Swamp:5  | Bloax: i wonder if you can enslave a hydra
 34392 | Swamp:5  | Reached XP level 17. HP: 108/108 MP: 27/31
 34417 | Swamp:5  | Bloax: The lernaean hydra sounds like a stupidly overpowered ally if you haste it.
 34446 | Swamp:5  | Bloax: Use the lamp of fire.
 34447 | Swamp:5  | Bloax: woop
 34447 | Swamp:5  | M4edhros: yep, clever
 34447 | Swamp:5  | Bloax: disco inferno time
 34448 | Swamp:5  | Reached skill level 22 in Stealth
 34449 | Swamp:5  | Received a gift from Yredelemnul
 34506 | Swamp:5  | Got a decaying rune of Zot
 34567 | Swamp:5  | Received a gift from Yredelemnul
 34922 | Spider:1 | Entered Level 1 of the Spider Nest
 35024 | Spider:1 | Got a transparent steel amulet
 35274 | Spider:1 | Received a gift from Yredelemnul
 35528 | Spider:2 | Noticed Roxanne
 35532 | Spider:2 | Killed Roxanne
 35534 | Spider:2 | Identified Roxanne's Incunabulum of the Rocks and Changing (You took it off Roxanne on level 2 of the Spider Nest)
 35536 | Spider:2 | Received a gift from Yredelemnul
 35557 | Spider:2 | Noticed Arachne
 35559 | Spider:2 | M4edhros: ups
 35559 | Spider:2 | M4edhros: now.
 35559 | Spider:2 | M4edhros: decision
 35559 | Spider:2 | M4edhros: if to change to arachne
 35559 | Spider:2 | Bloax: Hey do you have Ignite poison
 35559 | Spider:2 | M4edhros: nope
 35559 | Spider:2 | Bloax: :(
 35559 | Spider:2 | M4edhros: should i capture arachne
 35559 | Spider:2 | M4edhros: or stay with my aizul
 35559 | Spider:2 | M4edhros: ensnare works nice i think
 35569 | Spider:2 | Killed Arachne
 35569 | Spider:2 | Enslaved Arachne
 35569 | Spider:2 | Your ally Aizul died
 35694 | Spider:2 | Reached skill level 23 in Stealth
 35707 | Spider:2 | Received a gift from Yredelemnul
 35766 | Spider:2 | Lost mutation: You are dopey (Int -1). [potion of cure mutation]
 35766 | Spider:2 | Lost mutation: Your muscles are strong, but stiff (Str +1, Dex -1). [potion of cure mutation]
 35766 | Spider:2 | Lost mutation: You are clumsy (Dex -1). [potion of cure mutation]
 35766 | Spider:2 | Lost mutation: You have a fast metabolism. [potion of cure mutation]
 35767 | Spider:2 | M4edhros: eh.
 35767 | Spider:2 | M4edhros: still..
 35767 | Spider:2 | Bloax: only teleportitis left
 35767 | Spider:2 | Bloax: cmut useless as always
 35767 | Spider:2 | M4edhros: that is the most annoying one
 35779 | Spider:2 | Bloax: It's the worst mutation.
 35842 | Spider:3 | Noticed Kae's ghost (mighty TeFE)
 35846 | Spider:3 | Killed Kae's ghost
 36069 | Spider:3 | Received a gift from Yredelemnul
 36557 | Spider:4 | M4edhros: it has been changed
 36557 | Spider:4 | M4edhros: now it teleports around your place
 36557 | Spider:4 | M4edhros: but if i want to kill any stonger boss, im screwed
 36808 | Spider:4 | Upgraded the game from 0.13-a0-2210-g26cee09 to 0.13-a0-2236-g7be3fc8
 36912 | Spider:4 | Identified the amulet of Qekliem {Ward -Tele rN+ Dex+1} (You found it on level 1 of the Spider Nest)
 36942 | Spider:4 | Received a gift from Yredelemnul
 37372 | Spider:5 | Entered Level 5 of the Spider Nest
 37381 | Spider:5 | Received a gift from Yredelemnul
 37624 | Spider:5 | Received a gift from Yredelemnul
 37643 | Spider:5 | Noticed Donald
 37651 | Spider:5 | Killed Donald
 37820 | Spider:5 | Received a gift from Yredelemnul
 37837 | Spider:5 | Reached skill level 24 in Stealth
 37849 | Spider:5 | Received a gift from Yredelemnul
 37877 | Spider:5 | Got a gossamer rune of Zot
 38520 | Elf:1    | Entered Level 1 of the Elven Halls
 38698 | Elf:1    | Noticed Snorg
 38701 | Elf:1    | Found a magical portal.
 38713 | WizLab   | Entered a wizard's laboratory
 38773 | WizLab   | Reached XP level 18. HP: 79/115 MP: 32/32
 38823 | WizLab   | Gained mutation: Your spells are a little harder to cast, but a little more powerful. [potion of beneficial mutation]
 39425 | Elf:1    | Noticed Nikola
 39426 | Elf:1    | Noticed Rupert
 39438 | Elf:1    | Killed Nikola
 39438 | Elf:1    | Reached XP level 19. HP: 90/121 MP: 30/32
 39448 | Elf:1    | Killed Rupert
 39495 | Elf:1    | Received a gift from Yredelemnul
 39620 | Elf:1    | Noticed Agnes
 39628 | Elf:1    | Killed Agnes
 39698 | Elf:1    | Killed Snorg
 40196 | Elf:2    | Found Gebaelaosh's Weapon Emporium.
 40196 | Elf:2    | Noticed Frances
 40199 | Elf:2    | Killed Frances
 40204 | Elf:2    | Received a gift from Yredelemnul
 40215 | Elf:2    | Bought the +3,+8 sling "Grom" {flame, Int+1} for 891 gold pieces
 40315 | Elf:2    | Found Boerhefe's Distillery.
 40324 | Elf:2    | Bought 2 potions of cure mutation for 1120 gold pieces
 40324 | Elf:2    | Bought a potion of heal wounds for 48 gold pieces
 40325 | Elf:2    | Lost mutation: You have a pair of small antennae on your head. [potion of cure mutation]
 40325 | Elf:2    | Lost mutation: Your spells are a little harder to cast, but a little more powerful. [potion of cure mutation]
 40325 | Elf:2    | Lost mutation: You are partially covered in yellow scales (AC +2). [potion of cure mutation]
 40325 | Elf:2    | Lost mutation: Space occasionally distorts in your vicinity. [potion of cure mutation]
 40735 | Elf:2    | Found Grufuc's Magical Wand Shop.
 40843 | Elf:3    | Entered Level 3 of the Elven Halls
 40847 | Elf:3    | Received a gift from Yredelemnul
 40849 | Elf:3    | Reached skill level 10 in Evocations
 40966 | Elf:3    | Received a gift from Yredelemnul
 41011 | Elf:3    | Reached skill level 10 in Fighting
 41015 | Elf:3    | Noticed a deep elf blademaster
 41015 | Elf:3    | Reached skill level 25 in Stealth
 41016 | Elf:3    | Received a gift from Yredelemnul
 41016 | Elf:3    | Received a gift from Yredelemnul
 41018 | Elf:3    | Noticed a deep elf blademaster
 41023 | Elf:3    | Killed a deep elf blademaster
 41030 | Elf:3    | Killed a deep elf blademaster
 41312 | Elf:3    | Gained mutation: You can spit poison. [potion of mutation]
 41312 | Elf:3    | Gained mutation: You are dopey (Int -1). [potion of mutation]
 41312 | Elf:3    | Gained mutation: You evolve. [potion of mutation]
 41335 | Elf:3    | Got a bone dagger
 41384 | Elf:3    | Identified a cursed +8 rod of venom (14/14) (You found it on level 3 of the Elven Halls)
 41391 | Elf:3    | Got a warped sling
 41512 | Elf:3    | Noticed a deep elf blademaster
 41513 | Elf:3    | Cast into the Abyss (deep elf demonologist)
 41543 | Elf:3    | Escaped the Abyss
 41546 | Elf:3    | Killed a deep elf blademaster
 42101 | Elf:3    | Identified the Disquisition on Flying Boosts
 42105 | Elf:3    | Got a brightly glowing emerald amulet
 42131 | Elf:3    | Got a shimmering ruby amulet
 42146 | Elf:3    | Learned a level 3 spell: Mephitic Cloud
 42149 | Elf:3    | Learned a level 2 spell: Swiftness
 42152 | Elf:3    | Learned a level 2 spell: Blink
 42156 | Elf:3    | Learned a level 3 spell: Flight
 42164 | Elf:3    | Got a crude scimitar
 42169 | Elf:3    | Identified the Almanac of Summoning and Stones (You found it on level 3 of the Elven Halls)
 42263 | Elf:3    | Got a slimy quarterstaff
 42597 | Lair:5   | Identified the +5,+3 scimitar "Thribaeki" {slay orc, rC+ rN+} (You found it on level 3 of the Elven Halls)
 42598 | Lair:5   | Identified the amulet of Royalty {Clar Contam} (You found it on level 3 of the Elven Halls)
 42599 | Lair:5   | Identified the amulet "Asejaab" {Spirit Dex+2 Acc+2} (You found it on level 3 of the Elven Halls)
 42600 | Lair:5   | Identified the +2,+6 sling "Ecosm" {frost, Str+3} (You found it on level 3 of the Elven Halls)
 43031 | Lair:5   | Identified the quarterstaff of Ucsafot {pain, rN+ Str+4} (You found it on level 3 of the Elven Halls)
 43036 | Lair:5   | Identified the dagger of Forgiveness {freeze, Contam rElec rC++} (You found it on level 3 of the Elven Halls)
 43056 | Lair:5   | Gained mutation: You occasionally shout uncontrollably. [mutagenic glow]
 43534 | D:18     | Received a gift from Yredelemnul
 43616 | D:18     | Reached XP level 20. HP: 47/134 MP: 33/33
 43877 | D:18     | Noticed an azure jelly
 43877 | D:18     | Noticed an azure jelly
 43898 | D:18     | Killed an azure jelly
 43910 | D:18     | Killed an azure jelly
 43932 | D:18     | Identified the Grimoire of the Glacier
 44338 | D:18     | Received a gift from Yredelemnul
 44459 | D:19     | Noticed Norris
 44464 | D:19     | Received a gift from Yredelemnul
 44469 | D:19     | Killed Norris
 44477 | D:19     | Lost mutation: You can spit poison. [mutagenic meat]
 44478 | D:19     | Gained mutation: You are dopey (Int -2). [mutagenic meat]
 44479 | D:19     | Gained mutation: You sometimes yell uncontrollably. [mutagenic meat]
 44487 | D:19     | Gained mutation: You are dopey (Int -3). [mutagenic meat]
 44499 | D:19     | Gained mutation: You can translocate small distances at will. [mutagenic meat]
 44587 | D:19     | Noticed Wiglaf
 44596 | D:19     | Killed Wiglaf
 44596 | D:19     | Enslaved Wiglaf
 44596 | D:19     | Your ally Arachne died
 44600 | D:19     | Noticed Jorgrun
 44604 | D:19     | Killed Jorgrun
 44887 | D:19     | Found a snail-covered altar of Cheibriados.
 45002 | D:20     | Entered Level 20 of the Dungeon
 45033 | D:20     | Gained mutation: You passively map a small area around you. [mutagenic meat]
 45034 | D:20     | Lost mutation: You are dopey (Int -3). [mutagenic meat]
 45035 | D:20     | Gained mutation: You are weak (Str -1). [mutagenic meat]
 45036 | D:20     | Lost mutation: You passively map a small area around you. [mutagenic meat]
 45045 | D:20     | Gained mutation: Your muscles are flexible, but weak (Str -1, Dex +1). [mutagenic meat]
 45082 | D:20     | Received a gift from Yredelemnul
 45098 | D:20     | Gained mutation: One of your tentacles bears a spike. [evolution]
 45098 | D:20     | Lost mutation: You evolve. [end of evolution]
 45157 | D:20     | Gained mutation: Your vision is a little blurry. [mutagenic meat]
 45165 | D:20     | Lost mutation: Your vision is a little blurry. [mutagenic meat]
 45173 | D:20     | Gained mutation: You have a fast metabolism. [mutagenic meat]
 45234 | D:20     | Found a staircase to the Vaults.
 45292 | D:20     | Received a gift from Yredelemnul
 45421 | D:20     | Cast into the Abyss (ogre mage)
 45437 | Abyss:1  | Got a twitching iron ring
 45438 | Abyss:1  | Identified the ring "Geokk" {rF+ Acc+4 Dam+3} (You found it on level 1 of the Abyss)
 45561 | Abyss:1  | Found a corrupted altar of Lugonu.
 45580 | Abyss:1  | Paralysed by accursed screaming for 1 turns
 45586 | Abyss:1  | Paralysed by accursed screaming for 2 turns
 45588 | Abyss:1  | HP: 5/135 [starcursed mass/accursed screaming (12)]
 45588 | Abyss:1  | Slain by a starcursed mass

Action                   |  1- 3 |  4- 6 |  7- 9 | 10-12 | 13-15 | 16-18 | 19-21 || total
-------------------------+-------+-------+-------+-------+-------+-------+-------++-------
Melee: Spear             |    90 |    12 |    83 |   324 |   212 |       |       ||   721
       Hammer            |       |   114 |    72 |    32 |    81 |       |       ||   299
       Sling             |       |       |       |     2 |       |       |       ||     2
       Short sword       |       |       |       |       |   210 |   281 |    25 ||   516
       Trident           |       |       |       |       |     2 |       |       ||     2
       Dagger            |       |       |       |       |    18 |       |       ||    18
       Sabre             |       |       |       |       |    17 |    24 |   175 ||   216
       Club              |       |       |       |       |       |       |    12 ||    12
 Fire: Sling             |       |       |   138 |   240 |   240 |     6 |    14 ||   638
 Cast: Conjure Flame     |       |       |       |       |    22 |     6 |       ||    28
       Sticky Flame      |       |       |       |       |     4 |     5 |     1 ||    10
       Repel Missiles    |       |       |       |       |     2 |     5 |     1 ||     8
Invok: Injury Mirror     |       |     1 |       |       |       |       |       ||     1
       Animate Remains   |       |     2 |     1 |       |       |       |       ||     3
       Animate Dead      |       |       |    12 |    39 |    74 |    64 |    18 ||   207
       Recall Undead Sla |       |       |     1 |     6 |    35 |     9 |     6 ||    57
       Drain Life        |       |       |       |     1 |     3 |       |     3 ||     7
       Enslave Soul      |       |       |       |       |     5 |     1 |     1 ||     7
 Abil: Evoke Teleport Co |       |       |       |       |    13 |     1 |       ||    14
       Evoke Flight      |       |       |       |       |     2 |       |       ||     2
       Evoke Teleportati |       |       |       |       |     1 |     2 |       ||     3
Evoke: Wand              |       |       |     1 |     6 |    12 |     1 |     5 ||    25
       Miscellaneous     |       |       |       |       |       |     1 |       ||     1
       Rod               |       |       |       |       |       |       |     2 ||     2
  Use: Potion            |     5 |     5 |     5 |     4 |     9 |     7 |     6 ||    41
       Scroll            |       |       |    25 |    10 |    21 |     7 |    10 ||    73
 Stab: Sleeping          |     3 |     8 |    18 |    43 |    64 |    72 |    47 ||   255
       Distracted        |       |       |       |     7 |    10 |     9 |     4 ||    30
       Confused          |       |       |       |     1 |       |       |       ||     1
       Invisible         |       |       |       |       |     2 |       |       ||     2
       Betrayed ally     |       |       |       |       |       |     1 |       ||     1
